Flyers vs Thrashers

Created - April 11 2010 at 13:06

Goals
1 2 3 T
Flyers 0 2 0 2
Thrashers 4 5 0 9
Shots
1 2 3 T
Flyers 6 13 8 27
Thrashers 13 14 5 32

Period #1

1. Thrashers , Ryan Malone 2 (Ryan Suter, Jordan Staal) at 2:01
2. Thrashers , Rene Bourque 2 (Ryan Callahan, Ryan Suter) at 9:49 (PP)
3. Thrashers , Brad Boyes 1 (Christian Ehrhoff) at 16:40
4. Thrashers , Ryan Suter 1 (Brad Boyes, Jordan Staal) at 19:37 (PP)

Penalties :
Petr Prucha (PHI) for Tripping (Minor) at 2:19, Matt Smaby (PHI) for Hooking (Minor) at 5:27, Matt Smaby (PHI) for Roughing (Double Minor) at 7:45, Matt Smaby (PHI) for Interference (Minor) at 10:26, Ryan Malone (ATL) for Fighting (Major) at 15:02, Jay McKee (PHI) for Fighting (Major) at 15:02, David Steckel (PHI) for Holding (Minor) at 17:54

Period #2

5. Flyers , Jason Williams 1 (Martin Erat, Wade Redden) at 4:45 (PP)
6. Thrashers , Brenden Morrow 2 (Dave Bolland, Brad Boyes) at 7:53
7. Thrashers , Nik Antropov 1 (Rene Bourque, James Wisniewski) at 11:08
8. Thrashers , Jordan Staal 1 (Ryan Callahan, Ryan Malone) at 11:30
9. Thrashers , Ryan Callahan 1 (Ryan Malone, Ryan Suter) at 14:00
10. Flyers , Martin Erat 2 (Wade Redden) at 14:36
11. Thrashers , James Wisniewski 1 (Nik Antropov, Brian Rolston) at 16:13

Penalties :
Brenden Morrow (ATL) for Tripping (Minor) at 0:16, Mike Ribeiro (ATL) for Charging (Double Minor) at 4:21, Brenden Morrow (ATL) for Hooking (Minor) at 16:31, Alexandre Picard (PHI) for Holding (Minor) at 18:34

Period #3

No Goal

Penalties :
Nik Antropov (ATL) for Holding (Minor) at 3:44, Ryan Malone (ATL) for Cross-checking (Minor) at 7:14, Jordan Staal (ATL) for Boarding (Major) at 10:48, Brenden Morrow (ATL) for High sticking (Minor) at 14:58

Goalie Stats

Al Montoya (PHI), 5 saves from 9 shots - (0.556), 14:23 minutes
Tomas Vokoun (PHI), 18 saves from 23 shots - (0.783), L, 0-1-1, 45:37 minutes
Roberto Luongo (ATL), 25 saves from 27 shots - (0.926), W, 2-0-0, 60:00 minutes

Players Stats

Flyers
Player Name              G  A  P  +/- PIM S  H  SB FO    MP 
------------------------------------------------------------
Alexandre Picard         0  0  0  -4  2   2  0  0  0/1   15 
Andrej Sekera            0  0  0  -2  0   0  0  2  0/0   21 
Boris Valabik            0  0  0  -4  0   0  2  3  0/0   14 
Brendan Morrison         0  0  0   0  0   0  0  1  3/9   6  
David Steckel            0  0  0   0  2   0  1  0  0/0   4  
Jason Williams           1  0  1   0  0   3  2  0  14/24 20 
Jay McKee                0  0  0  -1  5   1  0  3  0/0   18 
Jochen Hecht             0  0  0   0  0   4  1  0  0/1   20 
Martin Erat              1  1  2   0  0   4  0  0  5/10  22 
Matt Smaby               0  0  0  -5  8   0  1  0  0/0   17 
Michael Nylander         0  0  0  -4  0   1  0  0  7/10  16 
Mikael Samuelsson        0  0  0  -2  0   2  1  0  0/0   15 
Mike Mottau              0  0  0   0  0   0  0  0  0/0   5  
Petr Prucha              0  0  0  -2  2   2  2  0  0/2   15 
Rostislav Klesla         0  0  0   0  0   1  0  2  0/0   19 
Tomas Kopecky            0  0  0  -4  0   1  1  0  1/3   15 
Tomas Plekanec           0  0  0  -2  0   3  3  1  12/28 21 
Wade Redden              0  2  2   0  0   3  3  2  0/0   23 
Thrashers
Player Name              G  A  P  +/- PIM S  H  SB FO    MP 
------------------------------------------------------------
Adrian Aucoin            0  0  0   2  0   0  0  0  0/0   13 
Brad Boyes               1  2  3   1  0   3  0  0  0/2   24 
Brenden Morrow           1  0  1   1  6   3  2  0  3/8   21 
Brian Rolston            0  1  1   2  0   2  0  0  0/0   13 
Christian Ehrhoff        0  1  1   2  0   1  0  0  0/0   4  
Dan Girardi              0  0  0   2  0   0  0  0  0/0   4  
Dave Bolland             0  1  1   2  0   1  0  0  6/8   6  
Filip Kuba               0  0  0  -1  0   2  1  1  0/0   20 
James Wisniewski         1  1  2   2  0   2  2  0  0/0   14 
Jordan Staal             1  2  3   3  5   2  1  0  7/22  21 
Marc Staal               0  0  0   3  0   1  2  0  0/0   22 
Mike Ribeiro             0  0  0  -1  4   2  0  0  19/30 19 
Nik Antropov             1  1  2   2  2   1  1  0  9/13  13 
Rene Bourque             1  1  2   2  0   1  2  0  0/0   15 
Ryan Callahan            1  2  3   3  0   5  4  0  1/1   15 
Ryan Malone              1  2  3   3  7   2  3  0  1/4   18 
Ryan Suter               1  3  4   3  0   2  0  3  0/0   23 
Sergei Zubov             0  0  0  -1  0   2  1  0  0/0   19 

3 Stars

1 - Ryan Suter (ATL)
2 - Ryan Callahan (ATL)
3 - Brad Boyes (ATL)

Power Play

Flyers - 1 on 7 Attempt(s) - 14.29%
Thrashers - 2 on 6 Attempt(s) - 33.33%

Penalty Kill

Flyers - 4 on 6 Attempt(s) - 66.67% - Score 0 goal in Penalty Kill
Thrashers - 6 on 7 Attempt(s) - 85.71% - Score 0 goal in Penalty Kill

Game Notes

Ryan Malone and Jay McKee fight to a draw at 15:02 of 1st period
Al Montoya enters game at 19:37 of 1st period
Tomas Vokoun enters game at 14:00 of 2nd period

Finance

Level 1 -- Attendance: 6000 (100.00%) -- Ticket Income $540,000.00
Level 2 -- Attendance: 5000 (100.00%) -- Ticket Income $235,000.00
Level 3 -- Attendance: 3500 (100.00%) -- Ticket Income $105,000.00
Level 4 -- Attendance: 3048 (93.78%) -- Ticket Income $60,960.00
Luxury Box -- Attendance: 1000 (100.00%) -- Ticket Income $170,000.00
Game was played at the Philips Arena
Total Attendance: 18548 (98.92%)
Total Ticket Income: $1,208,346.00
Other Income: $362,503.69
Total Income: $1,570,850.00


Play by Play

Period #1

0:01 of 1st period - Mike Ribeiro wins face-off versus Jason Williams in neutral zone.
0:37 of 1st period - Martin Erat is hit by Sergei Zubov and loses puck.
0:47 of 1st period - Icing by Sergei Zubov.
0:48 of 1st period - Mike Ribeiro wins face-off versus Tomas Plekanec in Thrashers zone.
1:06 of 1st period - Tomas Plekanec is hit by Filip Kuba and loses puck.
1:11 of 1st period - Shot by Tomas Plekanec.
1:11 of 1st period - Shot Blocked by Filip Kuba.
1:13 of 1st period - Shot by Tomas Plekanec.
1:13 of 1st period - Deflect By Mikael Samuelsson.
1:13 of 1st period - Stopped by Roberto Luongo without a rebound.
1:14 of 1st period - Michael Nylander wins face-off versus Jordan Staal in Thrashers zone.
1:15 of 1st period - Shot by Tomas Kopecky.
1:15 of 1st period - Stopped by Roberto Luongo without a rebound.
1:16 of 1st period - Michael Nylander wins face-off versus Jordan Staal in Thrashers zone.
1:22 of 1st period - Off-side.
1:23 of 1st period - Nik Antropov wins face-off versus Tomas Kopecky in neutral zone.
1:55 of 1st period - Icing by Matt Smaby.
1:56 of 1st period - Jordan Staal wins face-off versus Tomas Kopecky in Flyers zone.
2:01 of 1st period - Shot by Ryan Malone.
2:01 of 1st period - Goal by Ryan Malone - Flyers : 0 - Thrashers : 1.
2:02 of 1st period - Jason Williams wins face-off versus Jordan Staal in neutral zone.
2:11 of 1st period - Shot by Jason Williams.
2:11 of 1st period - Stopped by Roberto Luongo without a rebound.
2:12 of 1st period - Tomas Plekanec wins face-off versus Dave Bolland in Thrashers zone.
2:19 of 1st period - Minor Penalty to Petr Prucha for Tripping.
2:20 of 1st period - Martin Erat wins face-off versus Jordan Staal in Flyers zone.
2:20 of 1st period - Martin Erat is hit by Ryan Callahan.
3:14 of 1st period - Filip Kuba is hit by Tomas Plekanec and loses puck.
3:28 of 1st period - Shot by Mike Ribeiro.
3:28 of 1st period - Shot Blocked by Jay McKee.
3:30 of 1st period - Shot by Mike Ribeiro.
3:30 of 1st period - Shot Misses the Net.
3:48 of 1st period - Shot by Brad Boyes.
3:48 of 1st period - Shot Misses the Net.
4:12 of 1st period - Shot by Ryan Suter.
4:12 of 1st period - Deflect By Ryan Callahan.
4:12 of 1st period - Shot Misses the Net.
4:14 of 1st period - Shot by Ryan Callahan.
4:14 of 1st period - Stopped by Tomas Vokoun without a rebound.
4:15 of 1st period - Mike Ribeiro wins face-off versus Martin Erat in Flyers zone.
4:16 of 1st period - Shot by Sergei Zubov.
4:16 of 1st period - Stopped by Tomas Vokoun with a rebound.
4:18 of 1st period - Shot by Filip Kuba.
4:18 of 1st period - Stopped by Tomas Vokoun with a rebound.
4:30 of 1st period - Shot by Alexandre Picard.
4:30 of 1st period - Stopped by Roberto Luongo without a rebound.
4:31 of 1st period - Nik Antropov wins face-off versus Michael Nylander in Thrashers zone.
4:39 of 1st period - Alexandre Picard is hit by Rene Bourque and loses puck.
4:45 of 1st period - Matt Smaby is hit by James Wisniewski and loses puck.
4:56 of 1st period - Shot by Brian Rolston.
4:56 of 1st period - Shot Misses the Net.
4:59 of 1st period - Icing by Michael Nylander.
5:00 of 1st period - Michael Nylander wins face-off versus Dave Bolland in Flyers zone.
5:00 of 1st period - Alexandre Picard is hit by Brenden Morrow and loses puck.
5:27 of 1st period - Shot by Brenden Morrow.
5:27 of 1st period - Stopped by Tomas Vokoun without a rebound.
5:27 of 1st period - Minor Penalty to Matt Smaby for Hooking.
5:28 of 1st period - Jordan Staal wins face-off versus Martin Erat in Flyers zone.
5:45 of 1st period - Andrej Sekera is hit by Ryan Malone and loses puck.
6:06 of 1st period - Shot by Marc Staal.
6:06 of 1st period - Stopped by Tomas Vokoun without a rebound.
6:07 of 1st period - Martin Erat wins face-off versus Mike Ribeiro in Flyers zone.
6:13 of 1st period - Icing by Filip Kuba.
6:14 of 1st period - Tomas Plekanec wins face-off versus Mike Ribeiro in Thrashers zone.
7:27 of 1st period - Ryan Callahan is hit by Boris Valabik and loses puck.
7:45 of 1st period - Double Minor Penalty to Matt Smaby for Roughing.
7:46 of 1st period - Mike Ribeiro wins face-off versus Tomas Plekanec in Flyers zone.
9:08 of 1st period - Shot by Ryan Suter.
9:08 of 1st period - Shot Misses the Net.
9:23 of 1st period - Off-side.
9:24 of 1st period - Jordan Staal wins face-off versus Tomas Plekanec in neutral zone.
9:45 of 1st period - Shot by Rene Bourque.
9:45 of 1st period - Shot Blocked by Brendan Morrison.
9:49 of 1st period - Shot by Ryan Callahan.
9:49 of 1st period - Deflect By Rene Bourque.
9:49 of 1st period - Goal by Rene Bourque - Flyers : 0 - Thrashers : 2.
9:50 of 1st period - Michael Nylander wins face-off versus Nik Antropov in neutral zone.
9:53 of 1st period - Shot by Alexandre Picard.
9:53 of 1st period - Stopped by Roberto Luongo with a rebound.
10:25 of 1st period - Shot by James Wisniewski.
10:25 of 1st period - Deflect By Brian Rolston.
10:25 of 1st period - Shot Misses the Net.
10:26 of 1st period - Minor Penalty to Matt Smaby for Interference.
10:27 of 1st period - Mike Ribeiro wins face-off versus Tomas Plekanec in Flyers zone.
10:41 of 1st period - Shot by Mike Ribeiro.
10:41 of 1st period - Stopped by Tomas Vokoun without a rebound.
10:42 of 1st period - Mike Ribeiro wins face-off versus Martin Erat in Flyers zone.
10:43 of 1st period - Shot by Sergei Zubov.
10:43 of 1st period - Shot Blocked by Rostislav Klesla.
10:47 of 1st period - Shot by Brad Boyes.
10:47 of 1st period - Stopped by Tomas Vokoun without a rebound.
10:48 of 1st period - Martin Erat wins face-off versus Jordan Staal in Flyers zone.
11:05 of 1st period - Martin Erat is hit by Ryan Malone.
11:30 of 1st period - Icing by Jordan Staal.
11:31 of 1st period - Martin Erat wins face-off versus Jordan Staal in Thrashers zone.
12:04 of 1st period - Shot by Sergei Zubov.
12:04 of 1st period - Shot Blocked by Wade Redden.
12:16 of 1st period - Shot by Jochen Hecht.
12:16 of 1st period - Stopped by Roberto Luongo without a rebound.
12:17 of 1st period - Tomas Plekanec wins face-off versus Mike Ribeiro in Thrashers zone.
12:30 of 1st period - Shot by Rene Bourque.
12:30 of 1st period - Shot Misses the Net.
13:01 of 1st period - Shot by Rene Bourque.
13:01 of 1st period - Shot Misses the Net.
13:05 of 1st period - Shot by Brian Rolston.
13:05 of 1st period - Stopped by Tomas Vokoun with a rebound.
13:07 of 1st period - Shot by Rene Bourque.
13:07 of 1st period - Shot Misses the Net.
13:51 of 1st period - Shot by Christian Ehrhoff.
13:51 of 1st period - Stopped by Tomas Vokoun with a rebound.
14:00 of 1st period - Off-side.
14:01 of 1st period - Jason Williams wins face-off versus Jordan Staal in neutral zone.
14:01 of 1st period - Jochen Hecht is hit by Jordan Staal and loses puck.
14:44 of 1st period - Wade Redden is hit by Marc Staal and loses puck.
15:02 of 1st period - Ryan Malone and Jay McKee fight to a draw.
15:02 of 1st period - Penalty to Ryan Malone for Fighting.
15:02 of 1st period - Penalty to Jay McKee for Fighting.
15:03 of 1st period - Nik Antropov wins face-off versus Tomas Plekanec in neutral zone.
15:13 of 1st period - Icing by Mike Mottau.
15:14 of 1st period - Mike Ribeiro wins face-off versus Tomas Plekanec in Flyers zone.
15:55 of 1st period - Off-side.
15:56 of 1st period - Nik Antropov wins face-off versus Jason Williams in neutral zone.
15:56 of 1st period - Adrian Aucoin is hit by Jochen Hecht and loses puck.
16:13 of 1st period - Shot by Nik Antropov.
16:13 of 1st period - Shot Misses the Net.
16:15 of 1st period - Shot by Rene Bourque.
16:15 of 1st period - Shot Blocked by Rostislav Klesla.
16:24 of 1st period - Off-side.
16:25 of 1st period - Dave Bolland wins face-off versus Tomas Plekanec in neutral zone.
16:40 of 1st period - Shot by Brad Boyes.
16:40 of 1st period - Goal by Brad Boyes - Flyers : 0 - Thrashers : 3.
16:41 of 1st period - Michael Nylander wins face-off versus Jordan Staal in neutral zone.
16:45 of 1st period - Off-side.
16:46 of 1st period - Brendan Morrison wins face-off versus Jordan Staal in neutral zone.
16:46 of 1st period - Martin Erat is hit by Ryan Callahan and loses puck.
17:31 of 1st period - Brendan Morrison is hit by Ryan Callahan and loses puck.
17:41 of 1st period - Icing by Wade Redden.
17:42 of 1st period - Nik Antropov wins face-off versus Brendan Morrison in Flyers zone.
17:43 of 1st period - Shot by Adrian Aucoin.
17:43 of 1st period - Shot Misses the Net.
17:47 of 1st period - Shot by Rene Bourque.
17:47 of 1st period - Shot Blocked by Wade Redden.
17:49 of 1st period - Shot by Nik Antropov.
17:49 of 1st period - Shot Misses the Net.
17:54 of 1st period - Minor Penalty to David Steckel for Holding.
17:55 of 1st period - Mike Ribeiro wins face-off versus Tomas Plekanec in Flyers zone.
17:58 of 1st period - Shot by Brenden Morrow.
17:58 of 1st period - Shot Misses the Net.
19:35 of 1st period - Shot by Brad Boyes.
19:35 of 1st period - Shot Misses the Net.
19:37 of 1st period - Shot by Ryan Suter.
19:37 of 1st period - Goal by Ryan Suter - Flyers : 0 - Thrashers : 4.
19:37 of 1st period - Al Montoya enters game.
19:38 of 1st period - Michael Nylander wins face-off versus Nik Antropov in neutral zone.
19:48 of 1st period - Shot by Adrian Aucoin.
19:48 of 1st period - Shot Misses the Net.

Period #2

0:01 of 2nd period - Mike Ribeiro wins face-off versus Jason Williams in neutral zone.
0:16 of 2nd period - Minor Penalty to Brenden Morrow for Tripping.
0:17 of 2nd period - Mike Ribeiro wins face-off versus Tomas Plekanec in Thrashers zone.
1:26 of 2nd period - Shot by Jason Williams.
1:26 of 2nd period - Stopped by Roberto Luongo without a rebound.
1:27 of 2nd period - Mike Ribeiro wins face-off versus Jochen Hecht in Thrashers zone.
1:38 of 2nd period - Shot by Wade Redden.
1:38 of 2nd period - Stopped by Roberto Luongo without a rebound.
1:39 of 2nd period - Jordan Staal wins face-off versus Jason Williams in Thrashers zone.
1:47 of 2nd period - Icing by Martin Erat.
1:48 of 2nd period - Jason Williams wins face-off versus Mike Ribeiro in Flyers zone.
2:07 of 2nd period - Shot by Jochen Hecht.
2:07 of 2nd period - Stopped by Roberto Luongo with a rebound.
2:58 of 2nd period - Nik Antropov is hit by Boris Valabik and loses puck.
4:04 of 2nd period - Shot by Ryan Malone.
4:04 of 2nd period - Shot Misses the Net.
4:06 of 2nd period - Shot by Ryan Malone.
4:06 of 2nd period - Stopped by Al Montoya without a rebound.
4:07 of 2nd period - Mike Ribeiro wins face-off versus Brendan Morrison in Flyers zone.
4:20 of 2nd period - Shot by Brenden Morrow.
4:20 of 2nd period - Stopped by Al Montoya with a rebound.
4:21 of 2nd period - Double Minor Penalty to Mike Ribeiro for Charging.
4:22 of 2nd period - Jason Williams wins face-off versus Brenden Morrow in Thrashers zone.
4:25 of 2nd period - Shot by Rostislav Klesla.
4:25 of 2nd period - Stopped by Roberto Luongo without a rebound.
4:26 of 2nd period - Jason Williams wins face-off versus Brenden Morrow in Thrashers zone.
4:45 of 2nd period - Shot by Jason Williams.
4:45 of 2nd period - Goal by Jason Williams - Flyers : 1 - Thrashers : 4.
4:46 of 2nd period - Jason Williams wins face-off versus Brenden Morrow in neutral zone.
5:45 of 2nd period - Shot by Tomas Plekanec.
5:45 of 2nd period - Stopped by Roberto Luongo without a rebound.
5:46 of 2nd period - Tomas Plekanec wins face-off versus Ryan Malone in Thrashers zone.
5:51 of 2nd period - Shot by Petr Prucha.
5:51 of 2nd period - Stopped by Roberto Luongo without a rebound.
5:52 of 2nd period - Jason Williams wins face-off versus Ryan Malone in Thrashers zone.
6:21 of 2nd period - Shot by Martin Erat.
6:21 of 2nd period - Stopped by Roberto Luongo with a rebound.
7:45 of 2nd period - Shot by Brad Boyes.
7:45 of 2nd period - Shot Misses the Net.
7:51 of 2nd period - Shot by Brad Boyes.
7:51 of 2nd period - Shot Misses the Net.
7:53 of 2nd period - Shot by Dave Bolland.
7:53 of 2nd period - Deflect By Brenden Morrow.
7:53 of 2nd period - Goal by Brenden Morrow - Flyers : 1 - Thrashers : 5.
7:54 of 2nd period - Jordan Staal wins face-off versus Tomas Plekanec in neutral zone.
8:02 of 2nd period - Petr Prucha is hit by Ryan Callahan and loses puck.
8:06 of 2nd period - Off-side.
8:07 of 2nd period - Brendan Morrison wins face-off versus Mike Ribeiro in neutral zone.
8:10 of 2nd period - Brenden Morrow is hit by David Steckel and loses puck.
8:29 of 2nd period - Shot by Martin Erat.
8:29 of 2nd period - Stopped by Roberto Luongo without a rebound.
8:30 of 2nd period - Tomas Plekanec wins face-off versus Jordan Staal in Thrashers zone.
9:32 of 2nd period - Icing by Jay McKee.
9:33 of 2nd period - Mike Ribeiro wins face-off versus Petr Prucha in Flyers zone.
10:09 of 2nd period - Filip Kuba is hit by Jason Williams.
10:12 of 2nd period - Brenden Morrow is hit by Wade Redden and loses puck.
10:26 of 2nd period - Icing by Mike Ribeiro.
10:27 of 2nd period - Mike Ribeiro wins face-off versus Michael Nylander in Thrashers zone.
10:48 of 2nd period - Shot by Michael Nylander.
10:48 of 2nd period - Shot Misses the Net.
11:08 of 2nd period - Shot by Nik Antropov.
11:08 of 2nd period - Goal by Nik Antropov - Flyers : 1 - Thrashers : 6.
11:09 of 2nd period - Ryan Callahan wins face-off versus Brendan Morrison in neutral zone.
11:17 of 2nd period - Ryan Callahan is hit by Wade Redden and loses puck.
11:28 of 2nd period - Shot by Ryan Callahan.
11:28 of 2nd period - Stopped by Al Montoya with a rebound.
11:30 of 2nd period - Shot by Jordan Staal.
11:30 of 2nd period - Goal by Jordan Staal - Flyers : 1 - Thrashers : 7.
11:31 of 2nd period - Nik Antropov wins face-off versus Jason Williams in neutral zone.
12:33 of 2nd period - Shot by Ryan Callahan.
12:33 of 2nd period - Stopped by Al Montoya without a rebound.
12:34 of 2nd period - Tomas Plekanec wins face-off versus Mike Ribeiro in Flyers zone.
12:34 of 2nd period - Tomas Plekanec is hit by Brenden Morrow.
12:44 of 2nd period - Shot by Brad Boyes.
12:44 of 2nd period - Shot Misses the Net.
12:48 of 2nd period - Shot by Sergei Zubov.
12:48 of 2nd period - Shot Blocked by Andrej Sekera.
12:50 of 2nd period - Shot by Mike Ribeiro.
12:50 of 2nd period - Stopped by Al Montoya without a rebound.
12:51 of 2nd period - Dave Bolland wins face-off versus Michael Nylander in Flyers zone.
13:58 of 2nd period - Shot by Ryan Callahan.
13:58 of 2nd period - Shot Blocked by Boris Valabik.
14:00 of 2nd period - Shot by Ryan Callahan.
14:00 of 2nd period - Goal by Ryan Callahan - Flyers : 1 - Thrashers : 8.
14:00 of 2nd period - Tomas Vokoun enters game.
14:01 of 2nd period - Nik Antropov wins face-off versus Tomas Plekanec in neutral zone.
14:01 of 2nd period - Adrian Aucoin is hit by Petr Prucha and loses puck.
14:05 of 2nd period - Adrian Aucoin is hit by Mikael Samuelsson and loses puck.
14:18 of 2nd period - Shot by James Wisniewski.
14:18 of 2nd period - Stopped by Tomas Vokoun without a rebound.
14:19 of 2nd period - Mike Ribeiro wins face-off versus Brendan Morrison in Flyers zone.
14:19 of 2nd period - Brenden Morrow is hit by Wade Redden and loses puck.
14:36 of 2nd period - Shot by Martin Erat.
14:36 of 2nd period - Goal by Martin Erat - Flyers : 2 - Thrashers : 8.
14:37 of 2nd period - Tomas Plekanec wins face-off versus Nik Antropov in neutral zone.
14:42 of 2nd period - Shot by Tomas Plekanec.
14:42 of 2nd period - Stopped by Roberto Luongo without a rebound.
14:43 of 2nd period - Tomas Plekanec wins face-off versus Jordan Staal in Thrashers zone.
14:43 of 2nd period - Tomas Plekanec is hit by Marc Staal.
15:19 of 2nd period - Shot by Ryan Callahan.
15:19 of 2nd period - Stopped by Tomas Vokoun with a rebound.
15:21 of 2nd period - Shot by Ryan Suter.
15:21 of 2nd period - Shot Blocked by Tomas Plekanec.
15:23 of 2nd period - Shot by Marc Staal.
15:23 of 2nd period - Shot Blocked by Andrej Sekera.
15:27 of 2nd period - Shot by Ryan Callahan.
15:27 of 2nd period - Shot Misses the Net.
15:41 of 2nd period - Adrian Aucoin is hit by Petr Prucha and loses puck.
15:59 of 2nd period - Rene Bourque is hit by Tomas Plekanec and loses puck.
16:11 of 2nd period - Shot by Nik Antropov.
16:11 of 2nd period - Shot Misses the Net.
16:13 of 2nd period - Shot by James Wisniewski.
16:13 of 2nd period - Goal by James Wisniewski - Flyers : 2 - Thrashers : 9.
16:14 of 2nd period - Mike Ribeiro wins face-off versus Alexandre Picard in neutral zone.
16:31 of 2nd period - Minor Penalty to Brenden Morrow for Hooking.
16:32 of 2nd period - Jason Williams wins face-off versus Mike Ribeiro in Thrashers zone.
16:35 of 2nd period - Shot by Martin Erat.
16:35 of 2nd period - Stopped by Roberto Luongo without a rebound.
16:36 of 2nd period - Mike Ribeiro wins face-off versus Jason Williams in Thrashers zone.
16:52 of 2nd period - Jordan Staal is hit by Jason Williams and loses puck.
17:09 of 2nd period - Shot by Jason Williams.
17:09 of 2nd period - Shot Misses the Net.
17:41 of 2nd period - Shot by Tomas Kopecky.
17:41 of 2nd period - Shot Misses the Net.
17:45 of 2nd period - Shot by Michael Nylander.
17:45 of 2nd period - Stopped by Roberto Luongo without a rebound.
17:46 of 2nd period - Tomas Plekanec wins face-off versus Jordan Staal in Thrashers zone.
18:34 of 2nd period - Minor Penalty to Alexandre Picard for Holding.
18:35 of 2nd period - Ryan Malone wins face-off versus Martin Erat in Flyers zone.
18:38 of 2nd period - Shot by Filip Kuba.
18:38 of 2nd period - Stopped by Tomas Vokoun without a rebound.
18:39 of 2nd period - Martin Erat wins face-off versus Ryan Malone in Flyers zone.
18:56 of 2nd period - Shot by Filip Kuba.
18:56 of 2nd period - Shot Blocked by Jay McKee.
19:55 of 2nd period - Shot by Rene Bourque.
19:55 of 2nd period - Shot Misses the Net.
19:57 of 2nd period - Shot by Ryan Suter.
19:57 of 2nd period - Stopped by Tomas Vokoun with a rebound.
19:59 of 2nd period - Shot by Ryan Suter.
19:59 of 2nd period - Shot Misses the Net.

Period #3

0:01 of 3rd period - Mike Ribeiro wins face-off versus Martin Erat in neutral zone.
0:14 of 3rd period - Shot by Sergei Zubov.
0:14 of 3rd period - Stopped by Tomas Vokoun without a rebound.
0:15 of 3rd period - Tomas Plekanec wins face-off versus Jordan Staal in Flyers zone.
0:21 of 3rd period - Icing by Ryan Callahan.
0:22 of 3rd period - Jordan Staal wins face-off versus Tomas Plekanec in Thrashers zone.
0:29 of 3rd period - Marc Staal is hit by Tomas Plekanec and loses puck.
0:56 of 3rd period - Shot by Brad Boyes.
0:56 of 3rd period - Shot Misses the Net.
1:51 of 3rd period - Icing by Wade Redden.
1:52 of 3rd period - Jason Williams wins face-off versus Nik Antropov in Flyers zone.
2:14 of 3rd period - Martin Erat is hit by Nik Antropov and loses puck.
2:21 of 3rd period - Shot by Brian Rolston.
2:21 of 3rd period - Stopped by Tomas Vokoun without a rebound.
2:22 of 3rd period - Jordan Staal wins face-off versus Tomas Plekanec in Flyers zone.
2:41 of 3rd period - Shot by Ryan Callahan.
2:41 of 3rd period - Shot Blocked by Jay McKee.
3:30 of 3rd period - Brad Boyes is hit by Matt Smaby and loses puck.
3:37 of 3rd period - Shot by Dave Bolland.
3:37 of 3rd period - Stopped by Tomas Vokoun without a rebound.
3:38 of 3rd period - Nik Antropov wins face-off versus Brendan Morrison in Flyers zone.
3:44 of 3rd period - Minor Penalty to Nik Antropov for Holding.
3:45 of 3rd period - Jason Williams wins face-off versus Brenden Morrow in Thrashers zone.
4:01 of 3rd period - Shot by Jochen Hecht.
4:01 of 3rd period - Stopped by Roberto Luongo without a rebound.
4:02 of 3rd period - Jason Williams wins face-off versus Mike Ribeiro in Thrashers zone.
5:02 of 3rd period - Icing by Mikael Samuelsson.
5:03 of 3rd period - Brenden Morrow wins face-off versus Tomas Plekanec in Flyers zone.
6:06 of 3rd period - Shot by Nik Antropov.
6:06 of 3rd period - Shot Blocked by Boris Valabik.
6:22 of 3rd period - Shot by Michael Nylander.
6:22 of 3rd period - Shot Misses the Net.
6:53 of 3rd period - Icing by James Wisniewski.
6:54 of 3rd period - Nik Antropov wins face-off versus Jason Williams in Thrashers zone.
7:14 of 3rd period - Minor Penalty to Ryan Malone for Cross-checking.
7:15 of 3rd period - Brenden Morrow wins face-off versus Tomas Plekanec in Thrashers zone.
7:23 of 3rd period - Icing by Tomas Plekanec.
7:24 of 3rd period - Tomas Plekanec wins face-off versus Brenden Morrow in Flyers zone.
8:05 of 3rd period - Icing by Wade Redden.
8:06 of 3rd period - Jason Williams wins face-off versus Mike Ribeiro in Flyers zone.
8:23 of 3rd period - Shot by Jason Williams.
8:23 of 3rd period - Shot Misses the Net.
8:45 of 3rd period - Shot by Tomas Plekanec.
8:45 of 3rd period - Stopped by Roberto Luongo without a rebound.
8:46 of 3rd period - Brenden Morrow wins face-off versus Jason Williams in Thrashers zone.
9:31 of 3rd period - Shot by Brenden Morrow.
9:31 of 3rd period - Deflect By Brad Boyes.
9:31 of 3rd period - Stopped by Tomas Vokoun with a rebound.
9:33 of 3rd period - Shot by Dan Girardi.
9:33 of 3rd period - Shot Blocked by Boris Valabik.
10:11 of 3rd period - Shot by Tomas Plekanec.
10:11 of 3rd period - Deflect By Mikael Samuelsson.
10:11 of 3rd period - Shot Misses the Net.
10:14 of 3rd period - Tomas Plekanec is hit by James Wisniewski and loses puck.
10:19 of 3rd period - Shot by Mikael Samuelsson.
10:19 of 3rd period - Shot Misses the Net.
10:48 of 3rd period - Major Penalty to Jordan Staal for Boarding.
10:49 of 3rd period - Jason Williams wins face-off versus Mike Ribeiro in Thrashers zone.
10:50 of 3rd period - Shot by Martin Erat.
10:50 of 3rd period - Shot Misses the Net.
13:36 of 3rd period - Shot by Jason Williams.
13:36 of 3rd period - Deflect By Jochen Hecht.
13:36 of 3rd period - Stopped by Roberto Luongo without a rebound.
13:37 of 3rd period - Dave Bolland wins face-off versus Tomas Plekanec in Thrashers zone.
14:31 of 3rd period - Shot by Wade Redden.
14:31 of 3rd period - Stopped by Roberto Luongo without a rebound.
14:32 of 3rd period - Michael Nylander wins face-off versus Brad Boyes in Thrashers zone.
14:49 of 3rd period - Shot by Michael Nylander.
14:49 of 3rd period - Shot Misses the Net.
14:51 of 3rd period - Shot by Michael Nylander.
14:51 of 3rd period - Shot Misses the Net.
14:53 of 3rd period - Shot by Matt Smaby.
14:53 of 3rd period - Deflect By Mikael Samuelsson.
14:53 of 3rd period - Stopped by Roberto Luongo without a rebound.
14:54 of 3rd period - Dave Bolland wins face-off versus Jason Williams in Thrashers zone.
14:58 of 3rd period - Minor Penalty to Brenden Morrow for High sticking.
14:59 of 3rd period - Dave Bolland wins face-off versus Jason Williams in Thrashers zone.
15:16 of 3rd period - Shot by Wade Redden.
15:16 of 3rd period - Shot Misses the Net.
15:18 of 3rd period - Shot by Wade Redden.
15:18 of 3rd period - Shot Misses the Net.
15:22 of 3rd period - Shot by Wade Redden.
15:22 of 3rd period - Stopped by Roberto Luongo without a rebound.
15:23 of 3rd period - Tomas Plekanec wins face-off versus Brad Boyes in Thrashers zone.
15:24 of 3rd period - Shot by Petr Prucha.
15:24 of 3rd period - Shot Misses the Net.
15:28 of 3rd period - Shot by Tomas Plekanec.
15:28 of 3rd period - Shot Blocked by Ryan Suter.
15:32 of 3rd period - Shot by Mikael Samuelsson.
15:32 of 3rd period - Shot Blocked by Ryan Suter.
15:34 of 3rd period - Shot by Andrej Sekera.
15:34 of 3rd period - Shot Blocked by Ryan Suter.
15:36 of 3rd period - Shot by Jay McKee.
15:36 of 3rd period - Stopped by Roberto Luongo without a rebound.
15:37 of 3rd period - Mike Ribeiro wins face-off versus Petr Prucha in Thrashers zone.
15:52 of 3rd period - Shot by Petr Prucha.
15:52 of 3rd period - Stopped by Roberto Luongo without a rebound.
15:53 of 3rd period - Jason Williams wins face-off versus Mike Ribeiro in Thrashers zone.
18:01 of 3rd period - Jay McKee is hit by Rene Bourque and loses puck.
18:19 of 3rd period - Tomas Plekanec is hit by Ryan Malone and loses puck.
18:26 of 3rd period - Shot by Jordan Staal.
18:26 of 3rd period - Shot Misses the Net.
18:28 of 3rd period - Shot by Jordan Staal.
18:28 of 3rd period - Stopped by Tomas Vokoun without a rebound.
18:29 of 3rd period - Dave Bolland wins face-off versus Brendan Morrison in Flyers zone.
19:04 of 3rd period - Icing by Wade Redden.
19:05 of 3rd period - Brendan Morrison wins face-off versus Jordan Staal in Flyers zone.
19:18 of 3rd period - Marc Staal is hit by Tomas Kopecky.
19:19 of 3rd period - Icing by Marc Staal.
19:20 of 3rd period - Tomas Kopecky wins face-off versus Jordan Staal in Thrashers zone.


Output by the SimonT Hockey Simulator (STHS) for Stephane Roy -- Original Page W3C XHTML 1.0 Valid